 Dungeon Crawl Stone Soup version 0.30.1-3-gfc49f6343a (webtiles) character file.

Game seed: 17765965967713802921

93 Descartes the Conjurer (level 4, -3/24 HPs)
             Began as a Deep Elf Wanderer on July 20, 2023.
             Slain by Crazy Yiuf
             ... wielding a +4 quarterstaff of chaos
              (11 damage)
             ... on level 2 of the Dungeon.
             The game lasted 00:06:00 (3025 turns).

Descartes the Conjurer (Deep Elf Wanderer)          Turns: 3025, Time: 00:06:00

Health: -3/24      AC:  3    Str:  5    XL:     4   Next: 37%
Magic:  7/9        EV: 14    Int: 22    God:
Gold:   61         SH:  0    Dex: 15    Spells: 5/8 levels left

rFire   . . .        i - staff of death
rCold   . . .        (no shield)
rNeg    + . .        d - +0 robe
rPois   .            b - +0 helmet
rElec   .            (no cloak)
rCorr   .            (no gloves)
SInv    .            (no boots)
Will    .....        (no amulet)
Stlth   +            (no ring)
HPRegen 0.24/turn    (no ring)
MPRegen 0.11/turn

%: no passive effects
@: no status effects
A: no striking features
a: no special abilities


You were on level 2 of the Dungeon.
You visited 1 branch of the dungeon, and saw 2 of its levels.

You collected 61 gold pieces.

Inventory:

Hand Weapons
 a - a +0 dagger
Missiles
 m - 4 poisoned darts
Armour
 b - a +0 helmet (worn)
 d - a +0 robe (worn)
Magical Staves
 i - a staff of death (weapon)
Scrolls
 c - 2 scrolls of vulnerability
 f - a scroll of poison {unknown}
 g - 2 scrolls of identify {unknown}
 h - 2 scrolls of teleportation {unknown}
 p - a scroll of fear {unknown}
Potions
 e - 3 potions of attraction
 j - a potion of lignification {unknown}
 k - a potion of degeneration {unknown}
 l - a potion of curing {unknown}
 n - a potion of resistance {unknown}
 o - a potion of haste {unknown}


   Skills:
 + Level 5.2 Dodging
 + Level 2.5 Spellcasting
 + Level 5.8 Conjurations
 + Level 0.4 Translocations
 * Level 2.2 Air Magic
 + Level 1.4 Evocations


You had 5 spell levels left.
You knew the following spells:

 Your Spells              Type           Power      Damage    Failure   Level
a - Shock                 Conj/Air       80%        1d8       2%          1
b - Blink                 Tloc           8%         N/A       16%         2

Your spell library contained the following spells:

 Spells                   Type           Power      Damage    Failure   Level
 Searing Ray              Conj           56%        2d6       1%          2
 Momentum Strike          Conj/Tloc      32%        3d8       5%          2
 Lesser Beckoning         Tloc           8%         N/A       16%         2
 Iskenderun's Mystic Bla  Conj/Tloc      16%        2d5       34%         4


Dungeon Overview and Level Annotations

Branches:
Dungeon (2/15)

Altars:
Xom

Annotations:
D:2 Crazy Yiuf


Message History

The fungus is lightly damaged.
The zap hits Crazy Yiuf.
Crazy Yiuf is moderately wounded.
The zap hits Crazy Yiuf but does no damage.
Crazy Yiuf is moderately wounded.
The zap hits the fungus!
The fungus begins to die.
The fungus is lightly damaged.
Casting: Shock (safe; 2% risk of failure)
Confirm with . or Enter, or press ? or * to list all spells.
Aiming: Shock (safe; 2% risk of failure)
Press: ? - help, Shift-Dir - straight line
Okay, then.
Crazy Yiuf attacks as you move away! Crazy Yiuf closely misses you.
Crazy Yiuf says, "Cholesterol ladder disdain!"
Casting: Shock (safe; 2% risk of failure)
Confirm with . or Enter, or press ? or * to list all spells.
Aiming: Shock (safe; 2% risk of failure)
Press: ? - help, Shift-Dir - straight line, f - Crazy Yiuf
Aim: Crazy Yiuf, wielding a +4 quarterstaff of chaos and wearing a +2 cloak (moderately wounded, 75% to hit)
The zap hits Crazy Yiuf.
Crazy Yiuf is moderately wounded.
The zap hits the fungus.
The fungus is lightly damaged.
The zap hits the fungus.
The fungus is lightly damaged.
A nearby fungus withers and dies. x2
Crazy Yiuf hits you with a +4 quarterstaff of chaos!
Crazy Yiuf freezes you.
You hit Crazy Yiuf but do no damage.
Crazy Yiuf is moderately wounded.
Crazy Yiuf hits you with a +4 quarterstaff of chaos!
Crazy Yiuf draws strength from your wounds!
Casting: Shock (safe; 2% risk of failure)
Confirm with . or Enter, or press ? or * to list all spells.
Aiming: Shock (safe; 2% risk of failure)
Press: ? - help, Shift-Dir - straight line, p - Crazy Yiuf
Okay, then.
Crazy Yiuf attacks as you move away!
Crazy Yiuf hits you with a +4 quarterstaff of chaos!
You die...

.#######.#..###
............).####
########.#.##....##
# #.....#.#####..#
# ######### ##.# #
#.# # ########.# #
### ###.#....#.# #
#...##g.#..P.g@.# #
#...'.####......# #
#)..### ##P...## #
### ###### # # ##
.###### .'....#


You could see Crazy Yiuf.

Vanquished Creatures
  3 adders (D:2)
  2 worms (D:2)
  2 dart slugs
  5 bats
  9 endoplasms
  7 giant cockroaches
  2 goblins (D:1)
  4 hobgoblins
  3 kobolds (D:2)
  2 quokkas (D:2)
  5 ball pythons
  6 frilled lizards
  4 rats
54 creatures vanquished.

Notes
Turn   | Place    | Note
-------+----------+-------------------------------------------
     0 | D:1      | Descartes the Deep Elf Wanderer began the quest for the
                  | Orb.
     0 | D:1      | Descartes set off with the following items: a +0 dagger, a
                  | +0 helmet, a scroll of vulnerability, a +0 robe, a potion
                  | of attraction; and the following spell memorised: Shock;
                  | and the following spells available to memorise: Searing
                  | Ray, Iskenderun's Mystic Blast.
     0 | D:1      | Reached XP level 1. HP: 10/10 MP: 5/5
   200 | D:1      | Reached XP level 2. HP: 15/15 MP: 2/6
   349 | D:1      | Reached skill level 1 in Air Magic
   770 | D:1      | Reached skill level 5 in Dodging
  1200 | D:1      | Reached XP level 3. HP: 16/19 MP: 3/8
  1274 | D:1      | Reached skill level 1 in Evocations
  1756 | D:2      | Found a shimmering altar of Xom.
  1774 | D:2      | Reached XP level 4. HP: 20/24 MP: 3/9
  1890 | D:2      | Learned a level 2 spell: Blink
  3008 | D:2      | Found a runed translucent door.
  3009 | D:2      | Noticed Crazy Yiuf
  3025 | D:2      | Slain by Crazy Yiuf

Illustrated notes

Levels and vault maps discovered:
D:1:      dpeg_arrival_fog, layout_basic, minmay_tromino_v4_b
D:2:      layout_basic, basic_altar, uniq_crazy_yiuf_cottage

Skill      XL: |  1  2  3 |
---------------+----------+-----
Air Magic      | 1 2 |  2.2
Spellcasting   | 2 |  2.5
Dodging        | 5 |  5.2
Evocations     | 1 |  1.4
Conjurations   | |  5.8
Translocations | |  0.4

Action                     |  1- 3 |  4- 6 || total
---------------------------+-------+-------++-------
  Melee: Staff             |       |     4 ||     4
   Cast: Shock             |    80 |    35 ||   115
 Armour: Robe              |     1 |       ||     1
  Dodge: Dodged            |     3 |     2 ||     5
